 Dungeon Crawl Stone Soup version 0.26-a0-651-gb41185065b (webtiles) character file.

Game seed: 12553663598159397340

1054 Irenicus the Geomancer (level 8, -1/62 HPs)
             Began as a Deep Dwarf Earth Elementalist on Oct 4, 2020.
             Slain by an orc warrior
             ... wielding a +0 trident
              (14 damage)
             ... in a bailey.
             The game lasted 00:20:48 (2201 turns).

Irenicus the Geomancer (DDEE)                       Turns: 2201, Time: 00:20:49

Health: -1/62      AC: 10    Str: 11    XL:     8   Next: 5%
Magic:  1/10       EV: 11    Int: 19    God:
Gold:   241        SH:  0    Dex: 13    Spells: 4/10 levels left

rFire    . . .     SeeInvis .   f - +1 whip
rCold    . . .     Faith    .   (no shield)
rNeg     . . .     Spirit   .   j - +0 ring mail
rPois    .         Reflect  .   (no helmet)
rElec    .         Harm     .   (no cloak)
rCorr    .         Rampage  .   m - +0 pair of gloves
MR       +....                  (no boots)
Stlth    +.........             (no amulet)
HPRegen  0.00/turn              l - +4 ring of protection
MPRegen  0.12/turn              (no ring)

@: non-regenerating
A: damage resistance, heal wounds, sense surroundings 1, no regeneration
a: Heal Wounds


You were in a bailey.
You visited 1 branch of the dungeon, and saw 5 of its levels.
You also visited: Bailey.

You collected 241 gold pieces.

Inventory:

Hand Weapons
 f - a +1 whip (weapon)
   (You found it on level 1 of the Dungeon)
Missiles
 d - a poisoned dart
Armour
 j - a +0 ring mail (worn)
   (You found it on level 2 of the Dungeon)
 m - a +0 pair of gloves (worn)
   (You found it on level 1 of the Dungeon)
Jewellery
 l - a +4 ring of protection (left hand)
   (You found it on level 2 of the Dungeon)
Scrolls
 r - 2 scrolls of remove curse
Potions
 t - a potion of brilliance


   Skills:
 - Level 2.1 Dodging
 - Level 2.4 Stealth
 - Level 1.7 Spellcasting
 - Level 0.8 Transmutations
 + Level 10.7 Earth Magic
   Level 6.8 Evocations


You had 4 spell levels left.
You knew the following spells:

 Your Spells              Type           Power        Failure   Level
a - Sandblast             Erth           #####.       1%          1
w - Passwall              Tmut/Erth      ###.....     6%          2
x - Stone Arrow           Conj/Erth      ###...       14%         3

Your spell library contained the following spells:

 Spells                   Type           Power        Failure   Level
 Petrify                  Tmut/Erth      ###.....     36%         4
 Lee's Rapid Deconstruct  Erth           #####.....   14%         5


Dungeon Overview and Level Annotations

Branches:
Dungeon (7/15)             Bailey (1/1)
 Temple: D:4-7

Altars:
Uskayaw
Vehumet
Wu Jian
Xom
Zin

Annotations:
D:3 3 runed translucent doors, dtynewydd's ghost, amateur DrTm


Innate Abilities, Weirdness & Mutations

You are resistant to damage.
You can heal yourself by infusing magical energy.
You passively map a small area around you.
You do not regenerate.


Message History

Confirm with . or Enter, or press ? or * to list all spells.
Aiming: Sandblast (safe; 1% risk of failure)
Press: ? - help, Shift-Dir - straight line, f/p - orc warrior
Aim: an orc warrior, wielding a +0 halberd and wearing a +0 plate armour (severely wounded, covered in acid)
You don't have any stones to cast with.
An orc comes into view. It is wielding a +0 spear.
The orc shouts!
You hear a shout! x3
An orc warrior comes into view. It is wielding a +0 glaive.
The orc barely misses you.
The orc warrior shouts!
You hear a shout!
The orc hits you but does no damage.
The orc warrior is no longer covered in acid.
The orc warrior closely misses you.
The orc hits you from afar with a +0 spear.
The orc warrior hits you from afar with a +0 halberd!
You take 12 damage, and have 34/55 hp.
MASSIVE DAMAGE!!
You see here a poisoned dart.
Evoke which item? (* to show all) (? for menu, Esc to quit)
Press: ? - help, Shift-Dir - straight line, p - orc warrior
Okay, then.
Things that are here:
a +0 spear; a +0 scale mail; an orc corpse Evoke which item? (* to show all) (? for menu, Esc to quit)
Press: ? - help, Shift-Dir - straight line, f - orc, p - orc warrior
Aim: an orc, wielding a +0 spear and wearing a +0 ring mail The bolt of acid hits the orc warrior!!
The orc warrior is splashed with acid!
You kill the orc warrior!
Your Evocations skill increases to level 6!
The bolt of acid hits the orc warrior!!
The orc warrior is splashed with acid.
The acid corrodes the orc warrior!
The orc warrior is almost dead.
The bolt of acid hits the orc!!
The orc is splashed with acid.
You kill the orc!
Casting: Sandblast (safe; 1% risk of failure)
Confirm with . or Enter, or press ? or * to list all spells.
Aiming: Stone Arrow (dangerous; 16% risk of failure)
Press: ? - help, Shift-Dir - straight line, f - orc warrior
Aim: an orc warrior, wielding a +0 glaive and wearing a +0 plate armour (almost dead, covered in acid)
The stone arrow hits the orc warrior!
You kill the orc warrior!
You have reached level 8!
You feel clever.
You regained 4 hp, and now have 38/62 hp.
You now have 2/10 mp.
d - a poisoned dart
Items here: )) [[ ††.
Things that are here:
a +0 spear; a +0 ring mail An orc comes into view.
It is wielding a +0 trident.
The orc shouts!
You hear a shout! x2
There is an open gate here.
The orc misses you.
You closely miss the orc. The orc barely misses you.
An orc warrior comes into view. It is wielding a +0 trident.
You closely miss the orc.
The orc warrior shouts!
You hear a shout!
The orc hits you with a +0 trident!
You take 7 damage, and have 31/62 hp.
You hit the orc.
The orc is lightly wounded.
The orc hits you but does no damage.
You hit the orc.
The orc is heavily wounded.
The orc misses you.
You closely miss the orc.
The orc is heavily wounded.
The orc closely misses you. The orc hits you but does no damage.
Evoke which item? (* to show all) (? for menu, Esc to quit)
Press: ? - help, Shift-Dir - straight line, f - orc warrior
Aim: an orc warrior, wielding a +0 trident and wearing a +0 crystal plate armour The bolt of acid hits the orc!!
The orc is splashed with acid.
You kill the orc!
The bolt of acid misses the orc warrior.
The now-empty wand crumbles to dust.
You hear a shout!
You stop training Evocations.
You need to enable at least one skill for training.
Casting: Stone Arrow (dangerous; 14% risk of failure)
Confirm with . or Enter, or press ? or * to list all spells.
Aiming: Stone Arrow (dangerous; 14% risk of failure)
Press: ? - help, Shift-Dir - straight line, f/p - orc warrior
Aim: an orc warrior, wielding a +0 trident and wearing a +0 crystal plate armour The stone arrow hits the orc warrior!
The orc warrior is moderately wounded.
The orc warrior hits you from afar with a +0 trident!!
* * * LOW HITPOINT WARNING * * *
You take 18 damage, and have 13/62 hp.
MASSIVE DAMAGE!!
You now have 3/10 mp.
Casting: Stone Arrow (dangerous; 14% risk of failure)
Confirm with . or Enter, or press ? or * to list all spells.
Aiming: Stone Arrow (dangerous; 14% risk of failure)
Press: ? - help, Shift-Dir - straight line, f/p - orc warrior
Aim: an orc warrior, wielding a +0 trident and wearing a +0 crystal plate armour (moderately wounded)
The stone arrow hits the orc warrior but does no damage.
The orc warrior is moderately wounded.
The orc warrior barely misses you.
You now have 0/10 mp.
There is an open gate here.
The orc warrior hits you from afar with a +0 trident!
You die...

#≈..#.≈.≈.≈..)..≈.≈.
#≈..#.≈.≈.≈.⌠∩⌠.≈.≈.
#≈..#.≈.≈.≈≈...≈≈.≈.
#≈).#.≈.≈≈.≈...≈.≈≈.
#≈..#.≈≈.≈.≈≈≈≈≈.≈.≈
#≈..##.≈.≈≈.....≈≈.≈
#≈..⌠#.≈≈.≈≈≈.≈≈≈.≈≈
#≈...#..≈≈..≈.≈..≈≈.
#≈.@.#.⌠.≈≈≈...≈≈≈.⌠
#≈...##...)≈≈≈≈≈)...
#≈...o#####..)).####
##.......⌠#######⌠..
##(................
##................
#########'''##### *
≈≈ #...# ≈ #...# ≈


You could see an orc warrior.

Vanquished Creatures
  Sigmund (D:4)
  5 orc warriors (Bailey)
  2 centaurs (Bailey)
  A jelly (D:7)
  2 orc wizards (D:7)
  A worker ant (D:7)
  4 gnolls (D:3)
  4 adders
  3 worms (D:2)
  A leopard gecko (D:1)
  23 orcs
  5 bats
  3 giant cockroaches
  9 goblins
  3 hobgoblins
  2 kobolds
  2 quokkas (D:2)
  A frilled lizard (D:1)
  8 rats
80 creatures vanquished.

Vanquished Creatures (others)
  5 plants (D:3)
5 creatures vanquished.

Grand Total: 85 creatures vanquished

Notes
Turn   | Place    | Note
-------+----------+-------------------------------------------
     0 | D:1      | Irenicus the Deep Dwarf Earth Elementalist began the quest
                  | for the Orb.
     0 | D:1      | Reached XP level 1. HP: 15/15 MP: 3/3
   262 | D:2      | Found a hide-covered altar of Uskayaw.
   274 | D:2      | Reached XP level 2. HP: 22/22 MP: 0/4
   313 | D:2      | Found a shimmering altar of Xom.
   348 | D:2      | Reached skill level 5 in Earth Magic
   505 | D:1      | Reached XP level 3. HP: 20/28 MP: 2/5
   529 | D:1      | Learned a level 2 spell: Passwall
   807 | D:2      | Reached skill level 6 in Earth Magic
   897 | D:2      | Found a radiant altar of Vehumet.
   927 | D:3      | Found an ornate altar of the Wu Jian Council.
   985 | D:3      | Reached XP level 4. HP: 18/36 MP: 1/6
  1013 | D:3      | Reached skill level 7 in Earth Magic
  1145 | D:3      | Found a runed translucent gate.
  1145 | D:3      | Found a runed translucent gate.
  1145 | D:3      | Found a runed translucent gate.
  1145 | D:3      | Noticed dtynewydd's ghost (amateur DrTm)
  1261 | D:3      | Found a glowing silver altar of Zin.
  1364 | D:4      | Noticed Sigmund
  1364 | D:4      | HP: 9/36 [Sigmund/+0 scythe (8)]
  1370 | D:4      | Killed Sigmund
  1370 | D:4      | Reached skill level 9 in Earth Magic
  1370 | D:4      | Reached XP level 5. HP: 11/42 MP: 1/7
  1370 | D:4      | Reached XP level 6. HP: 12/49 MP: 1/8
  1379 | D:4      | You fall into a shaft and drop 3 floors!
  1522 | D:7      | Found a flagged portal.
  1535 | Bailey   | Entered a bailey
  1538 | Bailey   | HP: 10/49 [centaur/javelin (3)]
  1561 | Bailey   | Reached skill level 10 in Earth Magic
  1582 | Bailey   | HP: 8/49 [orc/+0 spear (1)]
  1591 | Bailey   | HP: 7/49 [centaur/cursed -3 trident (1)]
  1606 | Bailey   | Reached XP level 7. HP: 22/55 MP: 0/9
  1623 | Bailey   | Learned a level 3 spell: Stone Arrow
  1866 | Bailey   | Reached skill level 2 in Evocations
  1915 | Bailey   | HP: 11/55 [orc warrior/+0 halberd (11)]
  1918 | Bailey   | HP: 5/55 [orc warrior/+0 halberd (6)]
  1922 | Bailey   | Reached skill level 4 in Evocations
  2083 | Bailey   | HP: 11/55 [orc warrior/+0 bardiche (14)]
  2120 | Bailey   | Reached skill level 5 in Evocations
  2157 | Bailey   | Reached skill level 6 in Evocations
  2158 | Bailey   | Reached XP level 8. HP: 38/62 MP: 2/10
  2188 | Bailey   | HP: 13/62 [orc warrior/+0 trident (18)]
  2201 | Bailey   | Slain by an orc warrior

Illustrated notes

Levels and vault maps discovered:
D:1:      dpeg_arrival_prison, layout_basic, lemuel_another_geyser
D:2:      layout_loops_cross, xom_teletrap_fun, nicolae_overflow_hidden_temple,
          eat_drink_and_be_merry_uskayaw
D:3:      layout_loops_ring, zin_treasury, lemuel_doored_altar, serial_glass,
          glass_columns_a, glass_columns_c, gammafunk_ghost_nasty_kobolds,
          chequers_big_river
D:4:      layout_loops_corners, grunt_temple_overflow_holy_war, uniq_eustachio,
          uniq_robin, uniq_sigmund
D:7:      layout_basic, enter_bailey_3, chequers_serial_rivers_micro_c
Bailey:   bailey_polearm_flooded_kennysheep, bailey

Skill      XL: |  1  2  3  4  5  6  7 |
---------------+----------------------+-----
Earth Magic    | 5 6 9 10 | 10.7
Evocations     | 6 |  6.8
Dodging        | |  2.1
Stealth        | |  2.4
Spellcasting   | |  1.7
Transmutations | |  0.8

Action                   |  1- 3 |  4- 6 |  7- 9 || total
-------------------------+-------+-------+-------++-------
Melee: Whip              |    49 |    20 |    20 ||    89
Throw: Dart              |    10 |    15 |     9 ||    34
       Javelin           |       |     5 |     1 ||     6
 Cast: Sandblast         |    44 |    42 |     8 ||    94
       Passwall          |     4 |     2 |       ||     6
       Stone Arrow       |       |       |    17 ||    17
 Abil: Heal Wounds       |       |       |     2 ||     2
Evoke: Wand              |       |     1 |     4 ||     5
  Use: Scroll            |     2 |     5 |     1 ||     8
       Potion            |       |     3 |     5 ||     8
 Stab: Sleeping          |     1 |       |       ||     1
Armor: Ring mail         |    35 |    19 |    18 ||    72
Dodge: Dodged            |    63 |    26 |    26 ||   115

Table legend: (Time is in decaauts)
 A = Elapsed time spent in this place.
 B = Non-inter-level travel time spent in this place.
 C = Inter-level travel time spent in this place.
 D = Time resting spent in this place.
 E = Time spent auto-exploring this place.
 F = Levels seen in this place.
 G = Mean time per level.
                   A        B        C        D        E       F      G
               +--------+--------+--------+--------+--------+-----+--------+
         Total |   2238 |   2238 |      0 |     19 |      0 |   6 |  373.0 |
       Dungeon |   1556 |   1556 |      0 |      0 |      0 |   5 |  311.2 |
        Bailey |    681 |    681 |      0 |     19 |      0 |   1 |  681.0 |
               +--------+--------+--------+--------+--------+-----+--------+

Top non-repeatable levels by time:
  Bailey: 681 daAuts
     D:2: 475 daAuts
     D:1: 443 daAuts
     D:3: 420 daAuts
     D:7: 165 daAuts
     D:4: 51 daAuts

Table legend:
 A = Kills in this place as a percentage of kills in entire the game.
 B = Kills by you in this place as a percentage of kills by you in the entire game.
 C = Kills by friends in this place as a percentage of kills by friends in the entire game.
 D = Other kills in this place as a percentage of other kills in the entire game.
 E = Experience gained in this place as a percentage of experience gained in the entire game.
 F = Experience gained in this place divided by the number of levels of this place that you have seen.
                   A       B       C       D       E      F
               +-------+-------+-------+-------+-------+----------------------
         Total | 100.0 | 100.0 |   N/A |   N/A | 100.0 | 251.0
       Dungeon |  71.2 |  71.2 |   N/A |   N/A |  38.0 | 114.6
        Bailey |  28.8 |  28.8 |   N/A |   N/A |  62.0 | 933.0
               +-------+-------+-------+-------+-------+----------------------
